 Dungeon Crawl Stone Soup version 0.30-a0-29-g142975f185 (webtiles) character file.

Game seed: 3270753241623815565

2239 greenreed the Ducker (level 9, 0/66 HPs)
             Began as a Gnoll Monk on Aug 26, 2022.
             Was a Priest of Hepliaklqana.
             Slain by a yak (8 damage)
             ... on level 6 of the Dungeon.
             The game lasted 00:20:34 (6386 turns).

greenreed the Ducker (Gnoll Monk)                   Turns: 6386, Time: 00:20:35

Health: 0/66       AC: 10    Str: 20    XL:     9   Next: 36%
Magic:  15/15      EV: 10    Int: 10    God:    Hepliaklqana [***...]
Gold:   370        SH:  5    Dex: 15    Spells: 16/16 levels left

rFire   . . .      SeeInvis .    l - +0 flail
rCold   . . .      Faith    .    G - +0 buckler
rNeg    + . .      Spirit   .    m - +0 chain mail
rPois   .          Reflect  .    (no helmet)
rElec   .          Harm     .    (no cloak)
rCorr   .          Rampage  .    z - +0 pair of gloves
Will    .....                    (no boots)
Stlth   ..........               (no amulet)
HPRegen 0.21/turn                q - ring of positive energy
MPRegen 0.14/turn                C - +6 ring of strength

@: no status effects
A: reduced essence, fangs 1, strong nose, distributed training
a: Renounce Religion, Recall Ancestor, Ancestor Identity, Transference


You were on level 6 of the Dungeon.
You worshipped Hepliaklqana.
Hepliaklqana was most pleased with you.
You visited 2 branches of the dungeon, and saw 7 of its levels.

You collected 398 gold pieces.
You spent 28 gold pieces at shops.

Inventory:

Hand Weapons
 l - a +0 flail (weapon)
 H - a +0 vorpal spear
Missiles
 t - 10 poisoned darts (quivered)
Armour
 m - a +0 chain mail (worn)
 z - a +0 pair of gloves (worn)
 G - a +0 buckler (worn)
Magical Staves
 k - a staff of fire
Jewellery
 q - a ring of positive energy (left hand)
 r - a ring of protection from fire
 B - a ring of wizardry
 C - a +6 ring of strength (right hand)
 D - a +6 ring of strength
Wands
 s - a wand of flame (26)
 w - a wand of quicksilver (5)
 x - a wand of charming (4)
Scrolls
 d - 5 scrolls of fear
 e - a scroll of silence {unknown}
 f - a scroll of acquirement {unknown}
 g - 5 scrolls of teleportation
 h - 2 scrolls of summoning {unknown}
 i - a scroll of noise {unknown}
 j - 4 scrolls of enchant weapon
 v - 2 scrolls of immolation {unknown}
 y - a scroll of vulnerability {unknown}
 F - a scroll of blinking {unknown}
 I - a scroll of enchant armour {unknown}
Potions
 a - 3 potions of mutation {unknown}
 b - 4 potions of curing
 c - a potion of ambrosia
 n - a potion of haste {unknown}
 o - a potion of flight {unknown}
 p - a potion of resistance {unknown}
 u - a potion of invisibility {unknown}
 A - a potion of lignification {unknown}
 E - a potion of cancellation {unknown}


   Skills:
 + Level 7.9 Fighting
 + Level 4.3 Short Blades
 + Level 4.3 Long Blades
 + Level 4.3 Axes
 + Level 7.9 Maces & Flails
 + Level 4.3 Polearms
 + Level 4.3 Staves
 + Level 4.3 Ranged Weapons
 + Level 4.3 Throwing
 + Level 4.3 Armour
 + Level 7.9 Dodging
 + Level 6.1 Stealth
 + Level 4.3 Shields
 + Level 4.3 Unarmed Combat
 + Level 4.3 Spellcasting
 + Level 3.5 Conjurations
 + Level 3.5 Hexes
 + Level 3.5 Summonings
 + Level 3.5 Necromancy
 + Level 3.5 Translocations
 + Level 3.5 Transmutations
 + Level 3.5 Fire Magic
 + Level 3.5 Ice Magic
 + Level 3.5 Air Magic
 + Level 3.5 Earth Magic
 + Level 3.5 Poison Magic
 + Level 4.8 Invocations
 + Level 4.3 Evocations


You had 16 spell levels left.
You didn't know any spells.
Your spell library contained the following spells:

 Spells                   Type           Power      Damage    Failure   Level
 Static Discharge         Conj/Air       18%        3-5/arc   73%         2
 Dispel Undead            Necr           9%         3d8       100%        4
 Sticky Flame             Conj/Fire      9%         2d3       100%        4
 Summon Forest            Summ/Tloc      4%         N/A       100%        5
 Summon Mana Viper        Hex/Summ       9%         N/A       100%        5
 Summon Cactus Giant      Summ           4%         N/A       100%        6


Dungeon Overview and Level Annotations

Branches:
Dungeon (6/15)             Temple (1/1) D:4

Altars:
Ashenzari
Cheibriados
Elyvilon
Gozag
Hepliaklqana
Makhleb
Qazlal
Sif Muna
Trog
Uskayaw
Vehumet
Yredelemnul
Zin
The Shining One

Shops:
D:2 [   D:6 *

Annotations:
D:4 2 transporters, fingers's ghost, amateur OgGl


Innate Abilities, Weirdness & Mutations

Your life essence is reduced to manifest your ancestor. (-10% HP)
You have very sharp teeth.
Your uncanny sense of smell can sniff out nearby items.
Your experience applies equally to all skills.


Message History

You barely miss the yak.
The yak is almost dead.
The yak barely misses you.
You hit the yak.
The yak is almost dead.
The yak barely misses you.
You sock the yak!
You kill the yak!
You sock the orc!
You kill the orc!
Something hits you but does no damage. The yak closely misses you.
You barely miss the yak. You bite the yak.
The yak is lightly wounded.
Something hits you. The yak gores you.
You completely miss the yak. Your bite misses the yak.
The yak is lightly wounded.
Something hits you but does no damage. The yak gores you.
You hit the yak.
The yak is lightly wounded.
You hear some strange, mumbled words.
A magic dart appears from out of thin air!
The magic dart hits you but does no damage.
The yak closely misses you.
You hit something. Your bite misses something.
Something hits you but does no damage. The yak gores you but does no damage.
Something hits you. You block the yak's attack.
You sock something! You bite something. Something hits you but does no damage.
The yak barely misses you.
You closely miss something. Something hits you but does no damage.
The yak gores you!
You closely miss something. Something hits you but does no damage.
The yak gores you.
You closely miss something. You bite something.
Something hits you but does no damage. The yak barely misses you.
You thump something!
Reactivating autopickup.
You feel a bit more experienced. The yak gores you!
* * * LOW HITPOINT WARNING * * *
The yak attacks as you move away! The yak gores you!
You die...

#.............._......).....#
#..
#########...................#
#[. ########+#.###......# #..
####.#.#........# #..
#......#.#......###.#
#........+..........#
#.....##.#......#####
#...))...............
####@#..........#####
...#######Y#...............
....Y.o..)Y................
......Y...........########.
..................# #.....
..................####.....
..................#........
##.............)...........
###+#######.)...........#.


You could see 2 yaks.

Vanquished Creatures
  A yak (D:6)
  A gnoll sergeant (D:5)
  2 killer bees (D:5)
  An orc priest (D:5)
  An iguana (D:5)
  3 orc wizards
  9 gnolls
  7 adders
  A shadow imp (D:5)
  2 worms
  2 dart slugs
  11 orcs
  7 endoplasms
  A giant cockroach (D:4)
  5 hobgoblins
  6 jackals
  3 quokkas
  10 ball pythons
  2 bats (D:1)
  4 frilled lizards
  3 goblins
  4 kobolds
  6 rats
92 creatures vanquished.

Vanquished Creatures (collateral kills)
  Grinder (D:5)
  Eustachio (D:5)
  A water moccasin (D:4)
  2 black bears
  2 ogres
  3 necrophages (D:5)
  5 scorpions
  3 killer bees (D:5)
  A howler monkey (D:5)
  2 jellies (D:5)
  A gnoll bouda (D:6)
  3 adders
  3 gnolls (D:6)
  A white imp (D:6)
  2 orcs
31 creatures vanquished.

Vanquished Creatures (others)
  A hexer (D:6)
  6 plants (D:4)
7 creatures vanquished.

Grand Total: 130 creatures vanquished

Notes
Turn   | Place    | Note
-------+----------+-------------------------------------------
     0 | D:1      | greenreed the Gnoll Monk began the quest for the Orb.
     0 | D:1      | Reached XP level 1. HP: 23/23 MP: 1/1
    72 | D:1      | Reached XP level 2. HP: 29/29 MP: 2/2
   157 | D:1      | Found a faded altar of an unknown god.
   278 | D:1      | Reached XP level 3. HP: 22/35 MP: 3/3
   572 | D:1      | Reached skill level 1 in Invocations
   822 | D:2      | Reached skill level 1 in Short Blades
   822 | D:2      | Reached skill level 1 in Long Blades
   822 | D:2      | Reached skill level 1 in Axes
   822 | D:2      | Reached skill level 1 in Polearms
   822 | D:2      | Reached skill level 1 in Staves
   822 | D:2      | Reached skill level 1 in Ranged Weapons
   822 | D:2      | Reached skill level 1 in Throwing
   822 | D:2      | Reached skill level 1 in Armour
   822 | D:2      | Reached skill level 1 in Shields
   822 | D:2      | Reached skill level 1 in Unarmed Combat
   822 | D:2      | Reached skill level 1 in Spellcasting
   822 | D:2      | Reached skill level 1 in Evocations
  1115 | D:2      | Found Vuziotzoph's Armour Emporium.
  1295 | D:1      | Reached XP level 4. HP: 20/41 MP: 5/5
  1624 | D:1      | Reached skill level 1 in Conjurations
  1624 | D:1      | Reached skill level 1 in Hexes
  1624 | D:1      | Reached skill level 1 in Summonings
  1624 | D:1      | Reached skill level 1 in Necromancy
  1624 | D:1      | Reached skill level 1 in Translocations
  1624 | D:1      | Reached skill level 1 in Transmutations
  1624 | D:1      | Reached skill level 1 in Fire Magic
  1624 | D:1      | Reached skill level 1 in Ice Magic
  1624 | D:1      | Reached skill level 1 in Air Magic
  1624 | D:1      | Reached skill level 1 in Earth Magic
  1624 | D:1      | Reached skill level 1 in Poison Magic
  2194 | D:3      | Reached XP level 5. HP: 44/47 MP: 7/7
  2805 | D:3      | Found a basalt altar of Yredelemnul.
  2882 | D:3      | Found a white marble altar of Elyvilon.
  3684 | D:4      | Found a transporter.
  3697 | D:4      | Noticed fingers's ghost (amateur OgGl)
  3757 | D:4      | Found a staircase to the Ecumenical Temple.
  3797 | Temple   | Entered the Ecumenical Temple
  3888 | Temple   | Became a worshipper of Hepliaklqana the Forgotten
  3888 | Temple   | Reached * piety under Hepliaklqana
  3888 | Temple   | Reached ** piety under Hepliaklqana
  3889 | Temple   | Remembered your ancestor Stanko as a hexer
  4018 | D:4      | Found a transporter.
  4109 | D:5      | Entered Level 5 of the Dungeon
  4109 | D:5      | Noticed a black bear
  4109 | D:5      | Noticed a water moccasin
  4118 | D:4      | Killed a water moccasin
  4119 | D:4      | Reached XP level 6. HP: 24/47 MP: 7/9
  4410 | D:4      | Killed a black bear
  4432 | D:5      | Reached XP level 7. HP: 54/54 MP: 10/10
  4709 | D:5      | Reached skill level 5 in Stealth
  4897 | D:5      | Found an opulent altar of Gozag.
  4915 | D:5      | Reached XP level 8. HP: 8/60 MP: 12/12
  4915 | D:5      | HP: 1/60 [killer bee (6)]
  5144 | D:5      | Noticed Eustachio
  5153 | D:5      | Killed Eustachio
  5561 | D:5      | Noticed Grinder
  5574 | D:5      | Paralysed by Grinder for 2 turns
  5575 | D:5      | Killed Grinder
  5576 | D:5      | Reached XP level 9. HP: 62/65 MP: 14/14
  5863 | D:6      | Found Pogoceso's General Store.
  5867 | D:6      | Bought a scroll of identify for 28 gold pieces
  5881 | D:6      | Found a stormy altar of Qazlal.
  6189 | D:6      | Found a bloodstained altar of Trog.
  6193 | D:6      | Reached *** piety under Hepliaklqana
  6386 | D:6      | Slain by a yak

Illustrated notes

Levels and vault maps discovered:
D:1:      minmay_arrival_shattered_statue, layout_rooms,
          ebering_ecumenical_altar_webs, minmay_tetromino_l4
D:2:      layout_loops_ring, serial_shops, shop
D:3:      layout_basic, kennysheep_ying_yang, chequers_garden, minivault_23,
          serial_bayou_pond_d
D:4:      layout_rooms, temple_pool_b, gammafunk_ghost_gnarly_gnolls
D:5:      minmay_diamond_boxcup, layout_cave_pods, grunt_gozag_statues,
          uniq_eustachio, uniq_grinder
D:6:      layout_basic, bloody_trog, lemuel_crystal_altar, serial_shops,
          kennysheep_mini
Temple:   nicolae_temple_ecumenical_triangle

Skill      XL: |  1  2  3  4  5  6  7  8  9 |
---------------+----------------------------+-----
Invocations    | 1 2 3 4 |  4.8
Short Blades   | 1 2 3 4 |  4.3
Long Blades    | 1 2 3 4 |  4.3
Axes           | 1 2 3 4 |  4.3
Polearms       | 1 2 3 4 |  4.3
Staves         | 1 2 3 4 |  4.3
Ranged Weapons | 1 2 3 4 |  4.3
Throwing       | 1 2 3 4 |  4.3
Armour         | 1 2 3 4 |  4.3
Shields        | 1 2 3 4 |  4.3
Unarmed Combat | 1 2 3 4 |  4.3
Spellcasting   | 1 2 3 4 |  4.3
Evocations     | 1 2 3 4 |  4.3
Conjurations   | 1 2 3 |  3.5
Hexes          | 1 2 3 |  3.5
Summonings     | 1 2 3 |  3.5
Necromancy     | 1 2 3 |  3.5
Translocations | 1 2 3 |  3.5
Transmutations | 1 2 3 |  3.5
Fire Magic     | 1 2 3 |  3.5
Ice Magic      | 1 2 3 |  3.5
Air Magic      | 1 2 3 |  3.5
Earth Magic    | 1 2 3 |  3.5
Poison Magic   | 1 2 3 |  3.5
Fighting       | 7 |  7.9
Maces & Flails | 7 |  7.9
Dodging        | 7 |  7.9
Stealth        | 5 6 |  6.1

Action                   |  1- 3 |  4- 6 |  7- 9 || total
-------------------------+-------+-------+-------++-------
Melee: Mace              |    62 |       |       ||    62
       Bite              |    10 |    18 |    14 ||    42
       Flail             |    46 |   144 |   127 ||   317
       Punch             |       |     2 |       ||     2
Invok: Ancestor Life: He |       |     1 |       ||     1
  Use: Potion            |       |       |     1 ||     1
       Scroll            |       |       |     4 ||     4
 Stab: Sleeping          |     4 |       |       ||     4
       Confused          |       |       |     4 ||     4
Armor: Robe              |     9 |       |       ||     9
       Chain mail        |    26 |    73 |    55 ||   154
Dodge: Dodged            |    62 |    73 |    52 ||   187
Block: Buckler           |       |       |    24 ||    24

Table legend: (Time is in decaauts)
 A = Elapsed time spent in this place.
 B = Non-inter-level travel time spent in this place.
 C = Inter-level travel time spent in this place.
 D = Time resting spent in this place.
 E = Time spent auto-exploring this place.
 F = Levels seen in this place.
 G = Mean time per level.
                   A        B        C        D        E       F      G
               +--------+--------+--------+--------+--------+-----+--------+
         Total |   6425 |   6285 |    140 |    519 |   4534 |   7 |  917.9 |
       Dungeon |   6328 |   6196 |    132 |    519 |   4501 |   6 | 1054.7 |
        Temple |     97 |     89 |      8 |      0 |     33 |   1 |   97.0 |
               +--------+--------+--------+--------+--------+-----+--------+

Top non-repeatable levels by time:
     D:5: 1422 daAuts
     D:1: 1224 daAuts
     D:3: 1165 daAuts
     D:2: 1102 daAuts
     D:4: 862 daAuts
     D:6: 550 daAuts
  Temple: 97 daAuts
